AoeStats
← The Erion

Arena

508673144Analyzed
4v4 RM · 9d ago on Sep 23, 2026· 49m 48s· 8 players
Game mode
Random Map
Map size
Large (8 player)
Population
200
Speed
Normal
Resources
Standard
Victory
Conquest
Starting age
Dark Age
Ending age
Imperial Age
RankedLock teamsTeams togetherTeam positionsShared explorationLock speedFull tech treeHidden civsTurbo modeCheats
Victory
Defeat
🇮🇳 Gurjaras · India
1094
+16
🇨🇳 Khmer · China
1038
+18
🇨🇿 Romans · Czechia
1013
+19
🇳🇱 Danes · Netherlands
987
+20
🇹🇼 Varangians · Taiwan
1250
-24
🇹🇼 Byzantines · Taiwan
1086
-18
🇹🇼 Spanish · Taiwan
1035
-16
🇹🇼 Italians · Taiwan
993
-15
Mydloos
10:34 Feudal Age
11:09 Double-Bit Axe
18:02 Castle Age
20:40 Elite Skirmisher
24:06 Ballistics
23:40 Fletching
24:34 Horse Collar
25:49 Bow Saw
26:28 Heavy Plow
27:53 Bodkin Arrow
27:58 Padded Archer Armor
33:20 Imperial Age
33:08 Wheelbarrow
34:17 Ballistas
36:37 Chemistry
37:11 Ballistas
38:41 Heavy Scorpion
43:58 Forging
43:48 Scale Mail Armor
43:51 Murder Holes
43:21 Pikeman
45:12 Hand Cart
44:23 Halberdier
45:56 Squires
46:15 Chain Mail Armor
46:35 Iron Casting
47:19 Leather Archer Armor
FireWater
10:29 Feudal Age
14:39 Castle Age
12:59 Horse Collar
14:17 Double-Bit Axe
19:10 Heavy Plow
19:36 Bow Saw
21:16 Stone Mining
22:23 Gold Mining
24:16 Wheelbarrow
25:11 Stone Shaft Mining
25:49 Hand Cart
30:13 Imperial Age
27:38 Fletching
27:49 Padded Archer Armor
28:36 Bodkin Arrow
29:12 Thumb Ring
30:01 Ballistics
30:37 Elite Elephant Archer
31:46 Leather Archer Armor
33:06 Chemistry
32:17 Bracer
32:48 Conscription
33:04 Kshatriyas
37:35 Scale Barding Armor
37:42 Forging
39:29 Bloodlines
39:20 Husbandry
38:41 Light Cavalry
42:35 Loom
45:08 Chain Barding Armor
45:24 Iron Casting
46:27 Masonry
46:13 Hussar
king vitt
0:36 Loom
13:40 Feudal Age
14:06 Horse Collar
14:13 Double-Bit Axe
18:32 Castle Age
18:11 Wheelbarrow
19:36 Heavy Plow
19:49 Bow Saw
21:07 Hand Cart
30:16 Imperial Age
28:29 Stone Mining
28:31 Gold Mining
30:31 Stone Shaft Mining
30:35 Gold Shaft Mining
31:05 Ballistics
30:56 Fortified Wall
30:58 Scale Barding Armor
31:04 Forging
30:37 Elite Ballista Elephant
31:21 Double Crossbow
31:42 Conscription
31:45 Husbandry
31:55 Bloodlines
31:07 Light Cavalry
33:33 Chemistry
32:39 Siege Engineers
32:58 Chain Barding Armor
33:14 Iron Casting
33:40 Crop Rotation
33:29 Heavy Scorpion
34:52 Plate Barding Armor
33:41 Hussar
34:37 Masonry
35:29 Hoardings
34:55 Town Watch
37:19 Blast Furnace
37:34 Town Patrol
48:24 Architecture
HardstyleHunter
11:17 Feudal Age
15:44 Castle Age
17:49 Double-Bit Axe
17:45 Horse Collar
18:17 Squires
18:03 Gambesons
18:49 Loom
22:01 Bow Saw
27:12 Wheelbarrow
26:21 Hamask
27:08 Scale Mail Armor
29:27 Chain Mail Armor
29:23 Forging
30:34 Fletching
31:02 Hand Cart
31:32 Masonry
34:55 Imperial Age
33:55 Heavy Plow
34:21 Gold Mining
34:22 Stone Mining
35:04 Arson
36:09 Iron Casting
35:31 Bodkin Arrow
35:37 Capped Ram
37:10 Gold Shaft Mining
37:11 Stone Shaft Mining
37:16 Plate Mail Armor
36:09 Elite Varangian Guard
38:52 Blast Furnace
39:12 Conscription
39:28 Hoardings
41:26 Murder Holes
41:52 Ballistics
42:06 Siege Ram
44:15 Bracer
46:50 Chemistry
45:35 Elite Jomsviking
ZedongMao
11:05 Feudal Age
11:42 Double-Bit Axe
11:41 Horse Collar
19:04 Castle Age
20:02 Man-at-Arms
20:58 Bow Saw
20:52 Heavy Plow
21:31 Wheelbarrow
21:51 Fletching
23:49 Bodkin Arrow
30:44 Imperial Age
28:57 Squires
28:42 Arson
29:00 Scale Mail Armor
29:11 Forging
29:30 Hand Cart
29:04 Loom
30:19 Thumb Ring
30:31 Chain Mail Armor
31:18 Elite Genoese Crossbowman
34:46 Chemistry
34:09 Ballistics
33:59 Masonry
39:57 Iron Casting
39:52 Plate Mail Armor
41:10 Bracer
42:30 Pikeman
43:47 Architecture
44:24 Onager
47:08 Gold Mining
47:09 Stone Mining
GYLi
10:47 Feudal Age
14:34 Castle Age
12:47 Double-Bit Axe
13:52 Horse Collar
16:59 Bow Saw
16:52 Heavy Plow
22:52 Wheelbarrow
28:46 Imperial Age
27:12 Scale Mail Armor
27:22 Forging
28:16 Chain Mail Armor
28:18 Gambesons
28:34 Squires
28:29 Arson
28:47 Elite Varangian Guard
32:06 Conscription
31:55 Gothikon
47:38 Plate Mail Armor
47:44 Iron Casting
massuyeh840417
11:22 Feudal Age
10:58 Loom
16:15 Castle Age
14:14 Double-Bit Axe
17:11 Wheelbarrow
20:40 Bow Saw
21:54 Gold Mining
23:28 Horse Collar
24:58 Stone Mining
26:39 Hand Cart
28:32 Heavy Plow
31:46 Imperial Age
31:31 Stone Shaft Mining
31:18 Bloodlines
31:17 Scale Barding Armor
31:43 Forging
32:48 Conscription
33:37 Two-Man Saw
33:06 Cavalier
34:15 Chain Barding Armor
35:21 Chemistry
35:05 Paladin
37:00 Plate Barding Armor
37:36 Fortified Wall
42:47 Iron Casting
42:45 Light Cavalry
43:27 Husbandry
44:04 Hussar
49:52 Blast Furnace
The Erion
12:00 Feudal Age
16:14 Castle Age
14:40 Horse Collar
15:33 Double-Bit Axe
19:18 Bow Saw
20:58 Stone Mining
21:54 Gold Mining
27:06 Imperial Age
24:26 Loom
24:45 Fletching
25:59 Gold Shaft Mining
27:08 Crossbowman
30:47 Fortified Wall
31:27 Elite Skirmisher
32:17 Padded Archer Armor
36:29 Bodkin Arrow
37:15 Leather Archer Armor
37:45 Conscription
39:11 Chemistry
39:35 Ballistics
46:05 Heavy Plow
47:03 Ring Archer Armor
49:45 Wheelbarrow
Connection lost

Rejoining the realm…

Still unreachable

The connection could not be restored.

Session expired

The server has moved on; the page needs a fresh start.